 Dungeon Crawl Stone Soup version 0.17-a0-1920-gafa4d75 (webtiles) character file.

147 Kusio the Grave Robber (level 5, -1/35 HPs)
             Began as a Demonspawn Necromancer on Sept 27, 2015.
             Killed by divine providence
             ... invoked by an orc priest
              (9 damage)
             ... on level 3 of the Dungeon.
             The game lasted 00:22:10 (2952 turns).

Kusio the Grave Robber (Demonspawn Necromancer)     Turns: 2952, Time: 00:22:10

Health: -1/35      AC:  4    Str:  8    XL:     5   Next: 8%
Magic:  4/10       EV: 12    Int: 17    God:
Gold:   74         SH:  0    Dex: 14    Spells: 2 memorised, 6 levels left

rFire  . . .     SeeInvis .     i - +0 dagger
rCold  . . .     Clarity  .     a - +0 robe
rNeg   . . .     SustAt   .     (no shield)
rPois  .         Gourm    .     (no helmet)
rElec  .         Spirit   .     (no cloak)
rCorr  .         Warding  .     (no gloves)
rMut   .         Stasis   .     (no boots)
MR     .....                    (no amulet)
Stlth  ++++......               (no ring)
                                (no ring)

@: about to teleport, not resistant to hostile enchantments, stealthy
A: thin metallic scales 1, nightstalker 2
a: no special abilities


You were on level 3 of the Dungeon.
You were hungry.

You visited 1 branch of the dungeon, and saw 3 of its levels.
You also visited: Sewer.

You collected 74 gold pieces.

Inventory:

Hand weapons
 i - a +0 dagger (weapon)
Missiles
 h - 2 needles of paralysis
Armour
 a - a +0 robe (worn)
 j - a +0 cloak
Jewellery
 o - an uncursed ring of protection from magic {unknown}
Magical devices
 q - a wand of confusion (21)
Scrolls
 d - 2 scrolls of blinking {unknown}
 f - a scroll of recharging {unknown}
 m - a scroll of fear {unknown}
 p - 2 scrolls of immolation {unknown}
 s - 2 scrolls of teleportation
Potions
 e - 3 potions of curing
 l - a potion of agility {unknown}
 n - a potion of ambrosia {unknown}
 r - a potion of brilliance {unknown}
 t - a potion of magic {unknown}
 u - 2 potions of heal wounds {unknown}
Books
 b - a book of Necromancy

   Spells                             Type                      Level
   a - Pain                           Necromancy                   1
   b - Animate Skeleton               Necromancy                   1
   c - Vampiric Draining              Necromancy                   3
   d - Regeneration                   Charms/Necromancy            3
   e - Animate Dead                   Necromancy                   4
   f - Control Undead                 Necromancy                   4
Comestibles
 c - 5 bread rations
 g - a meat ration
 k - 4 beef jerkies


   Skills:
 - Level 1.7 Dodging
 - Level 2.1 Stealth
 + Level 3.3 Spellcasting
 * Level 5.9 Necromancy


You had 6 spell levels left.
You knew the following spells:

 Your Spells              Type           Power        Failure   Level  Hunger
a - Pain                  Necr           ###.         1%          1    None
b - Vampiric Draining     Necr           ###.......   6%          3    ###....


Dungeon Overview and Level Annotations

Branches:
Dungeon (3/15)

Altars:
Ashenzari
Dithmenos
Elyvilon

Annotations:
D:2 Natasha, Sigmund


Innate Abilities, Weirdness & Mutations

You are partially covered in thin metallic scales (AC +2).
You are significantly more attuned to the shadows.


Message History

The orc priest invokes the aid of Beogh against you.
Pain shoots through your body!
Casting: Pain
Confirm with . or Enter, or press ? or * to list all spells.
Aiming: Pain
Press: ? - help, Shift-Dir - straight line, f/p - orc priest
Aim: an orc priest, wielding a short sword (moderately wounded, chance to defeat MR: 83%)
The orc priest convulses in agony!
The orc priest miscasts a cantrip.
The orc priest mumbles some strange prayers to Beogh against you.
Pain shoots through your body!
* * * LOW HITPOINT WARNING * * *
Drink which item? (? for menu, Esc to quit)
Okay, then.
Read which item? (? for menu, Esc to quit)
As you read the scroll labeled WUIKUSMUTE, it crumbles to dust.
You feel strangely unstable.
It was a scroll of teleportation.
The orc priest invokes the aid of Beogh against you.
Something smites you!
You die...

......#≈#.###≈#≈#
#.#
.######≈#÷#.≈##.#
#.# ## #≈#≈#####.#
#o# # #≈##≈≈≈≈≈####
#.# #.########..#
#.# ##≈≈.≈≈≈≈≈#.#
###o### #
##########.###.....#
.#
########...oo#.#.#
#.####
#......@.........#
##...#
#.#########..#.#.#
.....#####.#
#......#
##.........#
#.....## ###########
#######


You could see 2 orc priests.

Vanquished Creatures
  4 adders
  3 river rats (Sewer)
  A worm (D:1)
  4 orcs (D:3)
  6 ball pythons
  7 giant cockroaches
  6 goblins
  4 hobgoblins
  2 jackals (D:1)
  7 bats
  6 giant geckos
  A giant gecko skeleton (D:3)
  10 giant newts
  5 kobolds
  19 rats
85 creatures vanquished.

Notes
Turn   | Place    | Note
--------------------------------------------------------------
     0 | D:1      | Kusio the Demonspawn Necromancer began the quest for the Orb.
     0 | D:1      | Reached XP level 1. HP: 13/13 MP: 3/3
    76 | D:1      | Found a shattered altar of Ashenzari.
   409 | D:1      | Gained mutation: You are slightly more attuned to the shadows. [demonic ancestry]
   409 | D:1      | Reached XP level 2. HP: 5/19 MP: 0/5
  1633 | D:2      | Gained mutation: You are partially covered in thin metallic scales (AC +2). [demonic ancestry]
  1633 | D:2      | Reached XP level 3. HP: 18/24 MP: 0/6
  1664 | D:2      | Noticed Sigmund
  1772 | D:2      | Found a white marble altar of Elyvilon.
  1772 | D:2      | Found a shadowy altar of Dithmenos.
  1803 | D:2      | Reached skill level 5 in Necromancy
  1962 | D:2      | Learned a level 3 spell: Vampiric Draining
  1996 | D:2      | Noticed Natasha
  2206 | D:3      | Gained mutation: You are significantly more attuned to the shadows. [demonic ancestry]
  2206 | D:3      | Reached XP level 4. HP: 15/30 MP: 2/8
  2519 | D:3      | Found a glowing drain.
  2523 | Sewer    | Entered a sewer
  2688 | Sewer    | Reached XP level 5. HP: 21/35 MP: 2/10
  2952 | D:3      | Killed from afar by an orc priest

Vault maps used:
D:1:      minmay_arrival_widening_spiral_wide, serial_forest,
          infiniplex_forest_clump_long, infiniplex_forest_straight_4,
          infiniplex_forest_end_2, infiniplex_forest_clump_double,
          infiniplex_forest_clump_double, infiniplex_forest_clump_double,
          infiniplex_forest_clump_medium, infiniplex_forest_clump_tiny,
          ashenzari_altar_1
D:2:      gammafunk_temple_overflow_wave, first_bread, minmay_misc_feat_encased,
          uniq_robin, uniq_natasha, uniq_sigmund
D:3:      serial_glass, glass_columns_a, glass_columns_b, glass_columns_a,
          glass_columns_a, glass_columns_a, glass_columns_a, glass_columns_a,
          glass_columns_a, glass_columns_b, glass_columns_a, glass_columns_c,
          glass_columns_a, glass_columns_c, glass_columns_c,
          gup_sewer_entry_spiral, st_stairs_1
Sewer:    sewer_co_cracked_pipes

Action                   |  1- 3 |  4- 6 || total
-------------------------+-------+-------++-------
Melee: Unarmed           |    41 |       ||    41
       Dagger            |    32 |    26 ||    58
 Cast: Pain              |    60 |    53 ||   113
       Vampiric Draining |     5 |     3 ||     8
  Use: Potion            |     2 |       ||     2
       Scroll            |       |     1 ||     1
 Stab: Sleeping          |     3 |       ||     3
  Eat: Chunk             |     5 |     2 ||     7
